[Event "Late-Titled-Tuesday-Blitz-May-14-2024"]
[Site "Chess.com"]
[Date "2024.05.14"]
[Round "5"]
[White "MatthewG-p4p"]
[Black "ChadBiryani"]
[Result "1-0"]
[WhiteElo "2839"]
[BlackElo "2559"]
[TimeControl "180+1"]
[EndTime "14:55:03 PDT"]
[Termination "MatthewG-p4p won by checkmate"]

1. e4 c5 2. c3 Nf6 3. e5 Nd5 4. Nf3 d6 5. Bc4 Nb6 6. Bb3 c4 7. Bc2 dxe5 8. Nxe5 Qd5 9. Qe2 f6 10. Nf3 e5 11. b3 Nc6 12. Na3 cxb3 13. axb3 Be7 14.
Nc4 Nxc4 15. bxc4 Qe6 16. Be4 Qg4 17. h3 Qh5 18. Bd5 Bd7 19. d4 exd4 20. cxd4 Kd8 21. O-O Re8 22. Bf4 g5 23. Bg3 Bd6 24. Qd1 Bxg3 25.
fxg3 g4 26. Nh4 Qg5 27. hxg4 Bxg4 28. Qd3 Qe3+ 29. Qxe3 Rxe3 30. Bxc6 bxc6 31. Rxf6 Kc7 32. c5 Rae8 33. Rxa7+ Kb8 34. Rxh7 Re1+ 35. Kh2 Rb1 36. Nf3 Re2 37. Rf8+ Bc8 38. Ne5 Ree1 39. Nxc6+ Ka8 40. Ra7# 1-0

[Event "Late-Titled-Tuesday-Blitz-May-14-2024"]
[Site "Chess.com"]
[Date "2024.05.14"]
[Round "5"]
[White "Boninknights"]
[Black "protectiago"]
[Result "1-0"]
[WhiteElo "2384"]
[BlackElo "2076"]
[TimeControl "180+1"]
[EndTime "14:55:04 PDT"]
[Termination "Boninknights won on time"]

1. d4 d5 2. Nf3 e6 3. c4 Be7 4. Nc3 a6 5. cxd5 exd5 6. Qb3 c6 7. Bf4 Nf6 8. e3 O-O 9. Bxb8 Rxb8 10. Bxa6 Ne4 11.
Bd3 Qa5 12. O-O f5 13. Nxe4 fxe4 14. Bxe4 Kh8 15. Bc2 Bd6 16. Ne5 Qc7 17. f4 Be6 18. Rf3 g6 19. Raf1 Qg7 20. h4 c5 21. Rg3 c4 22. Qc3 b5 23. h5 b4 24. Qe1 b3 25.
axb3 cxb3 26. Bd3 Bb4 27. Qe2 Bf7 28. hxg6 Bg8 29. Rh3 h6 30. Qh5 1-0

[Event "Late-Titled-Tuesday-Blitz-May-14-2024"]
[Site "Chess.com"]
[Date "2024.05.14"]
[Round "5"]
[White "egnfanclub"]
[Black "Oneofmyturns"]
[Result "0-1"]
[WhiteElo "2382"]
[BlackElo "2804"]
[TimeControl "180+1"]
[EndTime "14:55:06 PDT"]
[Termination "Oneofmyturns won by resignation"]

1. e4 e5 2. Nf3 Nc6 3. Nc3 Nf6 4.
d4 exd4 5. Nd5 Be7 6. Bd3 O-O 7. O-O d6 8. Nxe7+ Qxe7 9. Bg5 Bg4 10. h3 Bxf3 11.
Qxf3 Ne5 12. Qe2 h6 13. Bd2 Rfe8 14. f4 Ned7 15. Rae1 Nc5 16. e5 Nfd7 17. exd6 Qxe2 18. Bxe2 cxd6 19. Bf3 Nf6 20. Rxe8+ Rxe8 21. Re1 Rc8 22. Re7 Na4 23. Rxb7 Rxc2 24. Bb4 d3 25. Kh2 Nxb2 26.
Bxd6 d2 27. Be5 d1=Q 28. Bxd1 Nxd1 29. Rxa7 Ne3 30. Ra8+ Kh7 31. Kg3 Nxg2 32. Bxf6 gxf6 33. a4 Ne3 34. Kf3 Nf5 35. a5 Ra2 36. a6 Kg7 37.
Ke4 Ra5 38. a7 Nd6+ 39. Kf3 Nb5 40. Rb8 Nxa7 41. Ra8 Nc6 42. Rc8 Nd4+ 43. Ke4 Ne6 44. f5 Re5+ 0-1

[Event "Late-Titled-Tuesday-Blitz-May-14-2024"]
[Site "Chess.com"]
[Date "2024.05.14"]
[Round "5"]
[White "FairChess_on_YouTube"]
[Black "Revan_2002"]
[Result "1-0"]
[WhiteElo "3071"]
[BlackElo "2760"]
[TimeControl "180+1"]
[EndTime "14:55:07 PDT"]
[Termination "FairChess_on_YouTube won by resignation"]

1. d4 Nf6 2. c4 e6 3. Nf3 d5 4.
e3 Bb4+ 5. Bd2 Bd6 6. c5 Be7 7. Nc3 O-O 8. b4 b6 9. Be2 a5 10. a3 c6 11. Na4 Nbd7 12. cxb6 axb4 13. axb4 Nxb6 14. Ne5 Nxa4 15. Rxa4 Bb7 16. O-O Nd7 17. Nxd7 Qxd7 18. Ra5 Bd6 19. Qc2 Bc7 20. Raa1 Bd6 21. Ra5 Bc7 22. Raa1 Bd6 23. g3 Qe7 24. Qb2 Rfb8 25.
Rfb1 Bc8 26. Rxa8 Rxa8 27. Bd3 Rb8 28. Qa3 h6 29. Qa4 Bd7 30. Qa7 Be8 31. Qa3 e5 32. dxe5 Qxe5 33. Bc3 Qe7 34. Qa5 Bd7 35. Qa7 Be6 36. Qd4 f6 37. Bc2 Be5 38. Qd3 Bxc3 39. Qxc3 Bf7 40. Qxc6 Rxb4 41. Qc8+ Be8 42. Rxb4 1-0

[Event "Late-Titled-Tuesday-Blitz-May-14-2024"]
[Site "Chess.com"]
[Date "2024.05.14"]
[Round "5"]
[White "Nf3c5"]
[Black "besarquis"]
[Result "1-0"]
[WhiteElo "2565"]
[BlackElo "2332"]
[TimeControl "180+1"]
[EndTime "14:55:07 PDT"]
[Termination "Nf3c5 won by resignation"]

1. d4 Nf6 2. c4 e6 3. a3 d5 4. Nc3 Be7 5. cxd5 exd5 6. Bg5 h6 7. Bh4 O-O 8. e3 Bf5 9. Qb3 b6 10. Bxf6 Bxf6 11. Qxd5 Qxd5 12. Nxd5 Bd8 13. Rc1 c6 14. Nb4 Bd7 15. Nf3 Bc7 16. Bb5 Rc8 17. Bxc6 Nxc6 18. Nxc6 Bd6 19. d5 Rc7 20. Nfd4 a6 21. Kd2 Rac8 22. f4 Kf8 23. g3 Bc5 24. b4 Bd6 25. e4 f6 26. Rhe1 Be8 27. e5 fxe5 28. fxe5 Be7 29.
d6 Bg5+ 30. Kd3 Bxc1 31. dxc7 Bxa3 32. Ra1 Bb2 33. Rxa6 Rxc7 34. Ne6+ 1-0

[Event "Late-Titled-Tuesday-Blitz-May-14-2024"]
[Site "Chess.com"]
[Date "2024.05.14"]
[Round "5"]
[White "Felix-Rose"]
[Black "jup1978"]
[Result "1-0"]
[WhiteElo "2301"]
[BlackElo "2474"]
[TimeControl "180+1"]
[EndTime "14:55:09 PDT"]
[Termination "Felix-Rose won by resignation"]

1. e4 c6 2. d4 d5 3. e5 c5 4. dxc5 e6 5. a3 Bxc5 6. Nf3 Nc6 7. b4 Bb6 8. Bb2 Nge7 9. Bd3 Ng6 10. O-O O-O 11.
Re1 f6 12. exf6 gxf6 13. c4 dxc4 14. Bxc4 Qxd1 15. Rxd1 Kg7 16. Nbd2 Nce5 17. Nxe5 Nxe5 18. Bb3 Nd3 19. Nc4 Bxf2+ 20. Kf1 Nxb2 21. Nxb2 Bb6 22. Nc4 Bc7 23. Rac1 Bxh2 24. Kf2 Bf4 25. Rc3 b6 26.
Nd6 Rd8 27. Nf5+ exf5 28. Rxd8 Bb7 29. Rxa8 Bxa8 30. Rc8 Be4 31. Rg8+ Kh6 32. g3 Be5 33. Ke3 Bb2 34. a4 Ba3 35. b5 Bc5+ 36. Ke2 Kh5 37. Bf7+ Kh6 38. Be6 Bc2 39. Ra8 Bxa4 40. Rxa7 Bxb5+ 41.
Kf3 Bc6+ 42. Kf4 Bd6+ 43. Kxf5 Bxg3 44. Kxf6 Bh4+ 45. Kf5 Bf2 46. Bg8 1-0

[Event "Late-Titled-Tuesday-Blitz-May-14-2024"]
[Site "Chess.com"]
[Date "2024.05.14"]
[Round "5"]
[White "TheBigBadChessDad"]
[Black "gabduschew"]
[Result "0-1"]
[WhiteElo "2277"]
[BlackElo "2379"]
[TimeControl "180+1"]
[EndTime "14:55:10 PDT"]
[Termination "gabduschew won by resignation"]

1. d4 Nf6 2. Nf3 d5 3. Bf4 c5 4. e3 Nc6 5. c3 Qb6 6. Qb3 c4 7. Qc2 Bf5 8. Qc1 e6 9. Nbd2 h6 10. b3 cxb3 11. axb3 Be7 12. Qb2 O-O 13. Ne5 Rac8 14.
Be2 Nxe5 15. Bxe5 Bd6 16. Bxd6 Qxd6 17. Rxa7 Qc6 18. O-O Qxc3 19. Qxc3 Rxc3 20. Rxb7 Rc2 21.
Rd1 Ra8 22. g4 Bxg4 23. f3 Bf5 24. Kf2 Raa2 25. Ke1 Rc3 26. Kf2 g5 27. Rb6 g4 28.
Ra6 Rb2 29. fxg4 Nxg4+ 30. Bxg4 Bxg4 31. Rg1 Rxd2+ 32. Ke1 Re2+ 33. Kd1 Rg2+ 0-1

[Event "Late-Titled-Tuesday-Blitz-May-14-2024"]
[Site "Chess.com"]
[Date "2024.05.14"]
[Round "5"]
[White "Magicmaster17"]
[Black "GelmanAlexander"]
[Result "1-0"]
[WhiteElo "2900"]
[BlackElo "2665"]
[TimeControl "180+1"]
[EndTime "14:55:11 PDT"]
[Termination "Magicmaster17 won by resignation"]

1. Nf3 c5 2. e3 d6 3. d4 Nd7 4. b3 Ngf6 5. Bb2 e6 6. c4 a6 7. Nc3 b6 8. d5 exd5 9. Nxd5 Bb7 10. Bd3 Be7 11. O-O Nxd5 12. cxd5 Bf6 13. Bxf6 Qxf6 14. Nd2 O-O 15. Qc2 h6 16. Ne4 Qe7 17. Nc3 b5 18. Rad1 Rfe8 19. a4 b4 20. Nb1 Nf6 21. e4 a5 22. Nd2 Nd7 23. Rfe1 Ne5 24. Bb5 Rf8 25. f4 Ng6 26. g3 Qc7 27. Nc4 Bc8 28. e5 Bg4 29. Rd2 dxe5 30. fxe5 Rad8 31. Qe4 Bc8 32. d6 Qa7 33. Qc6 Bd7 34. Qc7 Qa8 35. Bxd7 Qf3 36. Re3 Qh5 37. Bc6 Qg5 38. Bg2 h5 39.
Qxc5 h4 40. Qd4 hxg3 41. hxg3 Rfe8 42. Rf2 f6 43. e6 Rxd6 44. Nxd6 1-0

[Event "Late-Titled-Tuesday-Blitz-May-14-2024"]
[Site "Chess.com"]
[Date "2024.05.14"]
[Round "5"]
[White "ACollins05"]
[Black "jaramsdal"]
[Result "1/2-1/2"]
[WhiteElo "2533"]
[BlackElo "2364"]
[TimeControl "180+1"]
[EndTime "14:55:11 PDT"]
[Termination "Game drawn by repetition"]

1. b4 e5 2. a3 d5 3. Bb2 Bd6 4. e3 Nf6 5. Nf3 Bg4 6. Be2 Nbd7 7. c4 c6 8. d3 O-O 9. Nbd2 a5 10. c5 Bc7 11. O-O axb4 12. axb4 Rxa1 13. Qxa1 Bb8 14. Re1 e4 15. dxe4 dxe4 16. Nd4 Qc7 17. Nf1 Bxe2 18. Rxe2 Ne5 19. Nf5 Nd5 20. Nd6 f6 21. Bxe5 fxe5 22. Qxe5 Qe7 23. Qxe7 Nxe7 24. Nxb7 Nd5 25. Rb2 Be5 26.
Rb3 Rb8 27. Na5 Rxb4 28. Rxb4 Nxb4 29. Nd2 Kf7 30. Nxe4 Ke6 31. Ng5+ Kd5 32. Nxh7 Kxc5 33. f4 Bc7 34. Nb3+ Kc4 35. Nd4 Bb6 36. Kf2 Bxd4 37. exd4 Kxd4 38. Nf8 Nd3+ 39. Kf3 Ne1+ 40. Kf2 Nd3+ 41.
Kg3 Kd5 42. Kf3 c5 43. Ke3 c4 44. Nd7 Ne1 45. g4 c3 46. Ne5 Ng2+ 47. Kf3 Kd4 48. Nc6+ Kc5 49. Na5 Kb4 50. Nc6+ Kc5 51. Ne5 Kd4 52.
Nc6+ Kc5 1/2-1/2

[Event "Late-Titled-Tuesday-Blitz-May-14-2024"]
[Site "Chess.com"]
[Date "2024.05.14"]
[Round "5"]
[White "cukricek"]
[Black "hblanco"]
[Result "0-1"]
[WhiteElo "2443"]
[BlackElo "2612"]
[TimeControl "180+1"]
[EndTime "14:55:12 PDT"]
[Termination "hblanco won by resignation"]

1. g3 d5 2. Nf3 Nf6 3. Bg2 c6 4.
O-O g6 5. d4 Bg7 6. c4 O-O 7.
b3 a5 8. Bb2 a4 9. Nbd2 Bf5 10.
Ne5 a3 11. Bc3 Nbd7 12. Nxd7 Qxd7 13. Rc1 h5 14. Re1 Rfd8 15. e3 h4 16. Nf3 h3 17.
Bf1 Ne4 18. Bb4 Bg4 19. Be2 Bf6 20. Nd2 Bxe2 21. Qxe2 Nxd2 22. Qxd2 Qf5 23. Qe2 e5 24. dxe5 Bxe5 25. f4 Bb2 26. Rcd1 Re8 27. cxd5 cxd5 28.
Qf3 Re4 29. Bc5 Rae8 30. g4 Qe6 31. Qxh3 b6 32. Bb4 Rxb4 33. Qf3 Re4 34. Rd3 d4 35. f5 Qf6 0-1

[Event "Late-Titled-Tuesday-Blitz-May-14-2024"]
[Site "Chess.com"]
[Date "2024.05.14"]
[Round "5"]
[White "Kira170"]
[Black "LiemLe"]
[Result "0-1"]
[WhiteElo "2756"]
[BlackElo "3042"]
[TimeControl "180+1"]
[EndTime "14:55:14 PDT"]
[Termination "LiemLe won by resignation"]

1. d4 Nf6 2. c4 g6 3. Nc3 d5 4. Nf3 Bg7 5. h4 c6 6. cxd5 cxd5 7. Bf4 Nc6 8. Qb3 Nh5 9. Be5 Bxe5 10. Nxe5 O-O 11.
Nxc6 bxc6 12. e3 Qd6 13. Be2 Rb8 14. Qa3 Qxa3 15. bxa3 Ng7 16. Na4 Ne6 17. Kd2 c5 18. Nxc5 Rb2+ 19. Ke1 Nxc5 20. dxc5 Rc2 21. Bd3 Rxc5 22.
Kd2 Ra5 23. Bc2 Rxa3 24. Bb3 Be6 25. h5 Kg7 26. Rac1 d4 27. h6+ Kf6 28. exd4 Bxb3 29. axb3 Rxb3 30. Rc6+ e6 31. Ra6 Rd8 32. Rh4 g5 33.
Re4 Rd7 34. f4 Kf5 35. Re5+ Kxf4 0-1

[Event "Late-Titled-Tuesday-Blitz-May-14-2024"]
[Site "Chess.com"]
[Date "2024.05.14"]
[Round "5"]
[White "ChristopherYoo"]
[Black "NovakCabarkapa"]
[Result "1-0"]
[WhiteElo "3012"]
[BlackElo "2771"]
[TimeControl "180+1"]
[EndTime "14:55:17 PDT"]
[Termination "ChristopherYoo won on time"]

1. e4 c5 2. Nf3 Nc6 3. Bb5 h5 4. O-O e6 5. c3 g5 6. d4 g4 7.
Ne1 cxd4 8. cxd4 Qb6 9. Bxc6 bxc6 10. Nc2 Nf6 11. Nc3 d5 12. exd5 cxd5 13. Bg5 Be7 14. Re1 Bb7 15. Ne3 Rd8 16. Rc1 Ne4 17. Bxe7 Kxe7 18.
Qa4 f5 19. Nxe4 dxe4 20. Rc5 Kf6 21. Nc4 Qa6 22. Qb4 Rh7 23. Ra5 Qc6 24. Rxa7 Rxd4 25. Qf8+ Kg5 26. Qg8+ Kh4 27. Qxh7 Rd7 28. Qh6 1-0

[Event "Late-Titled-Tuesday-Blitz-May-14-2024"]
[Site "Chess.com"]
[Date "2024.05.14"]
[Round "5"]
[White "jcmesafischer"]
[Black "PNEPaul"]
[Result "1-0"]
[WhiteElo "2300"]
[BlackElo "1917"]
[TimeControl "180+1"]
[EndTime "14:55:17 PDT"]
[Termination "jcmesafischer won on time"]

1. e4 e5 2. Nf3 Nc6 3. Bb5 f5 4. d3 Nf6 5. Nc3 Be7 6. exf5 O-O 7. O-O d6 8. d4 e4 9. Ng5 Bxf5 10. d5 Ne5 11. Re1 Bg4 12. Be2 Bxe2 13. Rxe2 Neg4 14. Ne6 Qd7 15. Nxf8 Rxf8 16. h3 Ne5 17. Nxe4 Nxe4 18.
Rxe4 Qf5 19. Re2 Bh4 20. Be3 Nf3+ 21. gxf3 Qxh3 22. Qd4 Rf6 23. Bf4 Rg6+ 24. Bg3 Bxg3 25. fxg3 Rxg3+ 26. Kf2 Qh2+ 27. Ke3 1-0

[Event "Late-Titled-Tuesday-Blitz-May-14-2024"]
[Site "Chess.com"]
[Date "2024.05.14"]
[Round "5"]
[White "chenxiaoyuer"]
[Black "Duhless"]
[Result "1/2-1/2"]
[WhiteElo "2898"]
[BlackElo "3110"]
[TimeControl "180+1"]
[EndTime "14:55:18 PDT"]
[Termination "Game drawn by agreement"]

1. e4 c5 2. Nf3 d6 3. d4 cxd4 4. Nxd4 Nf6 5. Nc3 Nc6 6. Be2 g6 7. O-O Bg7 8. Nb3 O-O 9. Bg5 Be6 10. Kh1 Rc8 11. f4 Na5 12. Nd2 Rxc3 13. bxc3 Qc7 14. f5 Bd7 15. Nb3 Nc4 16. Bxc4 Qxc4 17. e5 Ng4 18. Bxe7 Re8 19. exd6 Ne3 20. Qd3 Qxd3 21. cxd3 Bxc3 22. fxg6 hxg6 23. Nc5 Bc6 24. Ne4 Bxa1 25.
Rxa1 Nd5 26. Re1 f5 27. Nc5 Kf7 28. Bh4 Rxe1+ 29. Bxe1 Ke8 30. Kg1 b6 31. Ne6 Bd7 32. Nc7+ Nxc7 33. dxc7 Be6 34. a3 Kd7 35. Bg3 Ba2 36.
Bf4 Bb1 37. d4 Be4 38. Kf2 b5 39. g3 a5 40. Ke3 b4 41. axb4 axb4 42. Kd2 b3 43. Kc3 Bd5 44. h4 1/2-1/2

[Event "Late-Titled-Tuesday-Blitz-May-14-2024"]
[Site "Chess.com"]
[Date "2024.05.14"]
[Round "5"]
[White "manitodeplomo"]
[Black "remyrushbrooke"]
[Result "1-0"]
[WhiteElo "2568"]
[BlackElo "2337"]
[TimeControl "180+1"]
[EndTime "14:55:19 PDT"]
[Termination "manitodeplomo won on time"]

1. d4 g6 2. e4 Bg7 3. Nc3 d6 4. Be3 a6 5. g4 b5 6. Bg2 Bb7 7. h4 h6 8. g5 h5 9. Nge2 Nd7 10. f4 c5 11. O-O e6 12. f5 exf5 13. exf5 Bxg2 14.
Kxg2 gxf5 15. Ng3 Ne7 16. Nxf5 Nxf5 17. Rxf5 O-O 18. Nd5 f6 19. Qxh5 fxg5 20. Rxg5 Qe8 21. Qg4 Qf7 22. Rf5 Qe6 23. Raf1 Rxf5 24. Rxf5 Qxf5 25.
Ne7+ 1-0

[Event "Late-Titled-Tuesday-Blitz-May-14-2024"]
[Site "Chess.com"]
[Date "2024.05.14"]
[Round "5"]
[White "Jahonas"]
[Black "HipsterChess22"]
[Result "1-0"]
[WhiteElo "2370"]
[BlackElo "2183"]
[TimeControl "180+1"]
[EndTime "14:55:20 PDT"]
[Termination "Jahonas won on time"]

1. d4 d5 2. c4 e6 3. cxd5 exd5 4. Nc3 c6 5. Nf3 Bf5 6. Bf4 Qb6 7. Qb3 Nd7 8. e3 Ngf6 9. Be2 h6 10. O-O Be7 11. Rac1 O-O 12. Na4 Qxb3 13. axb3 Bb4 14. Rfd1 Rfe8 15.
Ne5 Nxe5 16. Bxe5 Nd7 17. Bg3 Re7 18. Bd3 Bxd3 19. Rxd3 Rae8 20. h3 f5 21. h4 g5 22. hxg5 hxg5 23. Nc5 Bxc5 24. dxc5 Nf6 25. Bd6 Rh7 26. f3 Kf7 27. b4 a6 28. b5 axb5 29. Ra1 Reh8 30. Kf2 g4 31. Ra7 Kg6 32.
Be5 Re8 33. Bf4 Nh5 34. Bd6 Nf6 35. b4 Rg8 36. Rd4 gxf3 37. gxf3 Rgg7 38. Rd1 Rd7 39. Be5 Kf7 40. Rg1 Re7 41. Bd6 Rd7 42. Rg5 Rh5 43.
Rxh5 Nxh5 44. Ra8 f4 45. exf4 Nf6 46. Rf8+ 1-0

[Event "Late-Titled-Tuesday-Blitz-May-14-2024"]
[Site "Chess.com"]
[Date "2024.05.14"]
[Round "5"]
[White "Hirna2005"]
[Black "wild3000"]
[Result "0-1"]
[WhiteElo "2311"]
[BlackElo "2491"]
[TimeControl "180+1"]
[EndTime "14:55:21 PDT"]
[Termination "wild3000 won by resignation"]

1. e4 c5 2. c3 e6 3. d4 d5 4. e5 Nc6 5. Be3 Nge7 6. Nf3 Nf5 7.
Bd3 cxd4 8. cxd4 Be7 9. O-O O-O 10. Nc3 a6 11. Rc1 Nxe3 12. fxe3 f5 13. exf6 Bxf6 14. a3 Bd7 15. Qc2 g6 16. Bxg6 hxg6 17. Qxg6+ Kh8 18. e4 Nxd4 19. e5 Nf5 20. Qh5+ Kg8 21. exf6 Qxf6 22.
Ng5 Qd4+ 23. Kh1 Qg7 24. Rf3 Rf6 25. Rcf1 Raf8 26. g4 Rh6 27. Qxh6 Qxh6 28. gxf5 Rxf5 29. Nf7 Qf6 30. Rxf5 exf5 31. Nxd5 Bc6 32. Rg1+ Kxf7 33. Rg2 Bxd5 0-1

[Event "Late-Titled-Tuesday-Blitz-May-14-2024"]
[Site "Chess.com"]
[Date "2024.05.14"]
[Round "5"]
[White "MITerryble"]
[Black "rychessmaster1"]
[Result "1-0"]
[WhiteElo "3006"]
[BlackElo "2747"]
[TimeControl "180+1"]
[EndTime "14:55:22 PDT"]
[Termination "MITerryble won by resignation"]

1. d4 Nf6 2. Bg5 Ne4 3. Bf4 d5 4. f3 Nf6 5. Nc3 c5 6. e3 cxd4 7. Nb5 Na6 8. exd4 g6 9. Qd2 Bg7 10. Bh6 O-O 11. Bxg7 Kxg7 12. Bd3 Nc7 13. Nxc7 Qxc7 14.
Ne2 b6 15. O-O-O a5 16. g4 Ba6 17. Bxa6 Rxa6 18. h4 h5 19. Nf4 hxg4 20. h5 e5 21. dxe5 Qxe5 22. hxg6 fxg6 23. Nd3 Qd4 24. Qh6+ Kf7 25.
Rhe1 Re8 26. Ne5+ Qxe5 27. Rxe5 Rxe5 28. fxg4 b5 29. Qf4 Rae6 30. g5 Rf5 31. Qc7+ Re7 32.
Qxa5 Ne4 33. Qxb5 Rxg5 34. a4 Nd6 35. Qc5 Ne4 36. Qd4 Rf5 37. a5 g5 38. a6 g4 39.
a7 Re8 40. Qb6 g3 41. Qb7+ Kf6 42. a8=Q Rxa8 43. Qxa8 g2 44. Qf8+ Ke5 45. Qg7+ 1-0

[Event "Late-Titled-Tuesday-Blitz-May-14-2024"]
[Site "Chess.com"]
[Date "2024.05.14"]
[Round "5"]
[White "Javadovvv"]
[Black "hawes33"]
[Result "1-0"]
[WhiteElo "2590"]
[BlackElo "2389"]
[TimeControl "180+1"]
[EndTime "14:55:22 PDT"]
[Termination "Javadovvv won by checkmate"]

1. d4 c5 2. c3 Nf6 3. Nf3 e6 4. Bf4 Qb6 5. Qb3 Nd5 6. Bg3 Be7 7. e3 O-O 8. Nbd2 cxd4 9. exd4 Nc6 10. Bd3 Na5 11.
Qxb6 Nxb6 12. O-O d5 13. Rfe1 Nac4 14. Nxc4 Nxc4 15. Bxc4 dxc4 16. Ne5 b5 17. a4 bxa4 18. Rxa4 Bf6 19. Nxc4 Bd7 20. Ra5 Rfc8 21. Ne5 Be8 22.
Rea1 Rab8 23. Nd3 Rb3 24. Rxa7 h5 25. R7a3 Rb6 26. h4 Bb5 27. Nc5 Be7 28. b4 Bc6 29.
Ra6 Rxa6 30. Rxa6 Bd5 31. Rb6 Kh7 32. Rb8 Rc6 33. b5 Rxc5 34. dxc5 Bxc5 35. b6 Kg6 36. b7 Bb6 37. Rc8 Bxb7 38. Rb8 Bxf2+ 39. Kxf2 Bd5 40.
Rc8 Kf5 41. c4 Be4 42. c5 Kg4 43. c6 Bxc6 44. Rxc6 f5 45. Rc4+ f4 46. Rxf4# 1-0

[Event "Late-Titled-Tuesday-Blitz-May-14-2024"]
[Site "Chess.com"]
[Date "2024.05.14"]
[Round "5"]
[White "ArtemDyachuk"]
[Black "Hrant_ChessMood"]
[Result "1-0"]
[WhiteElo "2716"]
[BlackElo "2928"]
[TimeControl "180+1"]
[EndTime "14:55:24 PDT"]
[Termination "ArtemDyachuk won on time"]

1. e4 c6 2. d4 d5 3. e5 Bf5 4.
Nf3 e6 5. Be2 Ne7 6. O-O Bg6 7.
Nbd2 Nf5 8. Nb3 Nd7 9. a4 a6 10. a5 c5 11. dxc5 Nxc5 12. Nbd4 Nxd4 13. Nxd4 Be7 14. c3 O-O 15. Be3 Rc8 16. Kh1 Qc7 17. f4 Be4 18. Bf2 h6 19. Bg3 Qd8 20. Qe1 Bh7 21.
f5 exf5 22. Nxf5 Ne4 23. Bd3 Nxg3+ 24. Qxg3 Bxf5 25. Rxf5 d4 26. c4 Rc6 27. Raf1 Qxa5 28.
e6 Rc5 29. exf7+ Kh8 30. Qg6 1-0

[Event "Late-Titled-Tuesday-Blitz-May-14-2024"]
[Site "Chess.com"]
[Date "2024.05.14"]
[Round "5"]
[White "schachlana"]
[Black "rdarruda"]
[Result "1-0"]
[WhiteElo "2355"]
[BlackElo "2501"]
[TimeControl "180+1"]
[EndTime "14:55:24 PDT"]
[Termination "schachlana won by resignation"]

1. d4 Nf6 2. c4 e5 3. dxe5 Ne4 4. a3 Nc6 5. Qc2 d5 6. exd6 Bf5 7. Nc3 Nxd6 8. e4 Bxe4 9. Nxe4 Qe7 10. Bd3 f5 11. Bg5 Qe5 12. f4 Qe6 13. O-O-O Nxe4 14. Nf3 Be7 15. Bxe7 Qxe7 16. Rhe1 O-O-O 17. Ng5 Nd4 18. Qa4 Kb8 19. Nxe4 fxe4 20. Bxe4 Qd6 21. g3 a6 22. Kb1 Qb6 23. Bg2 Nb3 24. Rd7 Rxd7 25.
Qxd7 Qf2 26. Re8+ Rxe8 27. Qxe8+ Ka7 28. Bd5 c6 29. Bf7 Nd2+ 30. Ka2 Qf1 31. Qe3+ c5 32.
Qxd2 Qxc4+ 33. Bxc4 1-0

[Event "Late-Titled-Tuesday-Blitz-May-14-2024"]
[Site "Chess.com"]
[Date "2024.05.14"]
[Round "5"]
[White "MusicCityMaster"]
[Black "ozates"]
[Result "1-0"]
[WhiteElo "2472"]
[BlackElo "2650"]
[TimeControl "180+1"]
[EndTime "14:55:27 PDT"]
[Termination "MusicCityMaster won by resignation"]

1. e4 c5 2. Nf3 Nc6 3. d3 g6 4.
g3 Bg7 5. Bg2 d6 6. O-O e5 7.
Nc3 Nge7 8. Nd2 O-O 9. Nc4 Be6 10.
Nd5 b5 11. Nce3 h6 12. c3 Rc8 13. Bd2 f5 14. a4 f4 15. Nxe7+ Nxe7 16. Nd5 Nxd5 17.
exd5 Bf5 18. Qe2 c4 19. Be4 cxd3 20. Qxd3 Bxe4 21. Qxe4 Rc4 22. Qxg6 bxa4 23. b3 Rc7 24. Rxa4 Rf6 25. Qg4 Qe7 26. Re1 Qf7 27. Rb4 Qxd5 28. Rb8+ Kh7 29. Rd1 Qf7 30. c4 Rg6 31. Qe2 f3 32.
Qe4 Qf6 33. h4 Rf7 34. h5 Qf5 35. hxg6+ Kxg6 36. Qxf5+ Rxf5 37. Bb4 e4 38. Rxd6+ Kh5 39. Rd5 Rxd5 40. cxd5 1-0

[Event "Late-Titled-Tuesday-Blitz-May-14-2024"]
[Site "Chess.com"]
[Date "2024.05.14"]
[Round "5"]
[White "ShahMatKanal"]
[Black "th3d4rkness"]
[Result "0-1"]
[WhiteElo "2383"]
[BlackElo "2185"]
[TimeControl "180+1"]
[EndTime "14:55:27 PDT"]
[Termination "th3d4rkness won by checkmate"]

1. e4 c5 2. Bc4 Nc6 3. Qh5 e6 4. d3 Nf6 5. Qe2 Nd4 6. Qd1 b5 7. Bb3 Bb7 8. Ne2 Nxb3 9. axb3 d5 10. f3 Be7 11. O-O O-O 12. Be3 a6 13. Nd2 Rc8 14. Qe1 dxe4 15. fxe4 Ng4 16. Bf4 e5 17. h3 exf4 18. hxg4 Bh4 19. g3 fxg3 20. Kg2 c4 21. bxc4 bxc4 22. Nf3 cxd3 23. cxd3 Rc2 24. Qd1 Qc8 25. Rc1 Rxc1 26. Qxc1 Qxg4 27. Qc7 Bc8 28. Rh1 g5 29. Ned4 Be6 30. Qe5 h6 31. b4 Rc8 32. Qf6 Rb8 33. Qxh6 Rxb4 34. Nc2 Rb2 35.
Nd4 Rxc2+ 36. Nxc2 Qe2+ 37. Kg1 Qf2# 0-1

[Event "Late-Titled-Tuesday-Blitz-May-14-2024"]
[Site "Chess.com"]
[Date "2024.05.14"]
[Round "5"]
[White "campochess"]
[Black "ZachHKL"]
[Result "1-0"]
[WhiteElo "2126"]
[BlackElo "2306"]
[TimeControl "180+1"]
[EndTime "14:55:28 PDT"]
[Termination "campochess won by resignation"]

1. e4 c5 2. b4 cxb4 3. d4 e6 4. Nf3 Nf6 5. Nbd2 d5 6. e5 Nfd7 7. a3 Nc6 8. Bd3 bxa3 9. c3 h6 10. O-O Be7 11. Bxa3 O-O 12. Bc1 b6 13. h3 Bb7 14.
Nh2 f5 15. exf6 Bxf6 16. Qg4 Re8 17. Ndf3 Qe7 18. Qg6 Nf8 19. Qg3 Rac8 20. Bxh6 Qc7 21. Bf4 e5 22. dxe5 Nxe5 23. Bf5 Rcd8 24. Ng4 Nxf3+ 25.
gxf3 Qxc3 26. Rxa7 Bc8 27. Bxc8 Rxc8 28. Nh6+ Kh7 29.
Nf5 Ne6 30. Bd6 Qd3 31. Qg4 Kg8 32. Re1 Ng5 33. Rxe8+ Rxe8 34. Nh4 Re1+ 35. Kg2 Qf1+ 36. Kg3 Qg1+ 37. Ng2 Nf7 38. Ra8+ Kh7 39. Qf5+ Kh6 40. Bf4+ g5 41. Qxf6+ Kh5 42. Qxf7+ 1-0

[Event "Late-Titled-Tuesday-Blitz-May-14-2024"]
[Site "Chess.com"]
[Date "2024.05.14"]
[Round "5"]
[White "Grischuk"]
[Black "Evgeny81"]
[Result "1-0"]
[WhiteElo "3129"]
[BlackElo "2770"]
[TimeControl "180+1"]
[EndTime "14:55:29 PDT"]
[Termination "Grischuk won by resignation"]

1. d4 d5 2. c4 c6 3. Nf3 Nf6 4. cxd5 cxd5 5. Nc3 Nc6 6. Bf4 a6 7. Qb3 Na5 8. Qc2 e6 9. e3 Bd7 10. Bd3 Rc8 11. O-O Bb4 12. Ne5 h6 13. Bg3 O-O 14. Bh4 Be7 15. Rfc1 Nc4 16. Qe2 b5 17. f4 Nd6 18. Bxf6 Bxf6 19. Nd1 Qe7 20. Nf2 Rxc1+ 21. Rxc1 Rc8 22. Rxc8+ Bxc8 23. Nfg4 Bb7 24. b3 Ne4 25.
Bxe4 dxe4 26. Qc2 h5 27. Nf2 Bxe5 28. fxe5 Qg5 29. Qe2 Bd5 30. Nh3 Qf5 31. Nf4 g6 32. h4 Kg7 33. Kh2 f6 34. exf6+ Qxf6 35. Qe1 Qd8 36.
Qg3 Qe8 37. Nxh5+ Kh6 38. Qg5+ Kh7 39. Nf6+ 1-0

[Event "Late-Titled-Tuesday-Blitz-May-14-2024"]
[Site "Chess.com"]
[Date "2024.05.14"]
[Round "5"]
[White "Mbneu"]
[Black "GrotBchess"]
[Result "0-1"]
[WhiteElo "2255"]
[BlackElo "2552"]
[TimeControl "180+1"]
[EndTime "14:55:33 PDT"]
[Termination "GrotBchess won by resignation"]

1. d4 Nf6 2. c4 e6 3. Nc3 Bb4 4. Bg5 O-O 5. e3 h6 6. Bh4 c5 7. d5 exd5 8. cxd5 d6 9. Bd3 Re8 10. Ne2 Nbd7 11. O-O Ne5 12. Ne4 g5 13. Nxf6+ Qxf6 14. Bg3 Nxd3 15. Qxd3 Bf5 16. Qb3 a5 17. a3 a4 18. Qd1 Ba5 19. Qc1 Bc7 20. Nc3 Ra6 21.
f3 Bd3 22. Re1 c4 23. e4 Bb6+ 24.
Kh1 Bd4 25. Ra2 h5 26. Nb5 Bc5 27. Nc7 Re7 28. Nxa6 bxa6 29. e5 dxe5 30. Qc3 Bd4 31. Qb4 h4 32. d6 Rd7 33. Bxe5 Bxe5 34. Qb8+ Rd8 35. Qc7 Bxd6 36. Qc6 Qf4 37. Re8+ Rxe8 38. Qxe8+ Kg7 0-1